[Event "Karel Janecek Open 2024"]
[Site "Prague"]
[Date "2024.02.29"]
[Round "2.2"]
[White "Sethuraman, S.P."]
[Black "Welling, Gerard"]
[Result "1-0"]
[ECO "E62"]
[WhiteElo "2594"]
[BlackElo "2224"]
[Annotator "TA"]
[PlyCount "53"]
[EventDate "2024.02.22"]
[EventType "swiss"]
[EventCountry "CZE"]
[SourceTitle "playchess.com"]
[Source "ChessBase"]
[SourceQuality "1"]
[TimeControl "40/5400+30:1800+30"]

1. d4 Nf6 2. c4 Nc6 3. Nf3 e6 4. a3 d6 5. Nc3 g6 6. g3 Bg7 7. Bg2 O-O 8. O-O e5 9. d5 Nb8 10. e4 a5 {[%emt 0:04:30] White is slightly better.} 11. Ne1 Bd7 12. Nd3 a4 13. c5 Na6 (13... Ne8 $14) 14. cxd6 $16 ({Much less strong is} 14. Nxa4 Bxa4 15. Qxa4 Nxc5 $11) 14... cxd6 15. Nxa4 Nxe4 16. Bxe4 $18 {[%emt 0:01:38] And now Bg2 would win.} Bxa4 17. Qxa4 {[%emt 0:00:06] Qb5 would now be deadly.} Nc5 18. Qc4 b5 19. Qb4 ({But not} 19. Qxb5 $6 Nxe4 20. Nb4 Nf6 $16) 19... Ra4 {[%emt 0:01:22][%cal Ba8a4,Ba4e4,Be4d4,Bd4d5][%mdl 32] [#]} 20. Qxb5 Rxe4 21. Nxc5 dxc5 22. Qxc5 {[%emt 0:00:54] Be3 is the strong threat.} Rd4 23. Be3 Rxd5 24. Qc4 Kh8 (24... e4 $16 {is a better defense.} 25. Rab1 (25. Qxe4 Bxb2 26. Ra2 Bd4 $16) 25... Qd7 26. Qxe4 Rb8) 25. a4 f5 26. Bc5 Re8 27. a5 {[%emt 0:01:43] Black got outplayed after the opening.   Weighted Error Value: White=0.02 (flawless) /Black=0.31.  Mistake:       	---       	Black=3      Inaccurate:     	---       	Black=1      OK:         	White=11    	Black=3      Best:        	White=4     	Black=4} 1-0

[Event "Karel Janecek Open 2024"]
[Site "Prague"]
[Date "2024.02.29"]
[Round "2.3"]
[White "Bernadskiy, Vitaliy"]
[Black "Chkhaidze, Nikoloz"]
[Result "1/2-1/2"]
[ECO "A00"]
[WhiteElo "2566"]
[BlackElo "2209"]
[Annotator "TA"]
[PlyCount "100"]
[EventDate "2024.02.22"]
[EventType "swiss"]
[EventCountry "CZE"]
[SourceTitle "playchess.com"]
[Source "ChessBase"]
[SourceQuality "1"]
[TimeControl "40/5400+30:1800+30"]

1. h3 c5 2. Nf3 g6 3. e3 Bg7 4. d4 d5 5. Bb5+ Bd7 6. a4 Nf6 7. O-O O-O 8. dxc5 Qc7 9. b4 a5 10. bxa5 $1 (10. Bxd7 Nfxd7 11. Nd4 axb4 $17) 10... Na6 (10... Qxc5 11. Ba3 Qc7 12. Bxe7 Bxb5 13. Bxf8 Bxf1 14. Bxg7 Kxg7 15. Qxf1 $15 (15. Kxf1 Rxa5 16. Qd3 Rc5 $14)) 11. Ba3 Nxc5 12. Bb4 Rfc8 (12... Nfe4 {keeps more tension.} 13. Nd4 Rfd8 14. Nd2 e5) 13. Ra3 e6 (13... Nfe4 {with more complications.} 14. Qxd5 Be6 15. Qd1 Bb2) 14. Nbd2 b6 (14... Nfe4 $11) 15. axb6 (15. Bc3 $16) 15... Qxb6 $11 16. c4 Qb8 (16... Qb7 $1 $11) 17. Nd4 ({White should play} 17. Bc3 $1 $14) 17... e5 (17... dxc4 $11 18. Nxc4 e5) 18. N4f3 (18. Bxc5 $14 dxc4 (18... Rxc5 19. Bxd7 Nxd7 20. N4b3 $14) 19. Bxd7 Nxd7 20. Nb5 Nxc5 21. Nxc4) 18... dxc4 19. Bxd7 (19. Nxc4 {looks sharper.} Bxb5 20. axb5 Qxb5 21. Qa1) 19... Qxb4 (19... Ncxd7 $5 20. Bc3 $8 Ra7 $11) 20. Bxc8 {[%emt 0:01:06][%cal Od1a1] [#] Black must now prevent Qa1!} Qxa3 21. Nxc4 Qxa4 22. Qxa4 ({Reject} 22. Ncxe5 Qxd1 (22... Rxc8 $2 23. Ng5 $19) 23. Rxd1 Rxc8 $17) 22... Nxa4 23. Bb7 Ra7 24. Bc6 e4 25. Nfe5 {[%emt 0:00:34] [#] aiming for Ra1.} Nc3 26. g4 Nfd5 27. Bxd5 Nxd5 28. Rd1 Bxe5 $1 29. Rxd5 {[%emt 0:00:24][%mdl 4096] Endgame. KRB-KRN} Bf6 30. Rc5 Ra1+ {[%emt 0:01:10] The position is equal.} 31. Kg2 Rc1 32. Kg3 Rc2 33. h4 h5 34. gxh5 gxh5 35. Rf5 Bxh4+ 36. Kxh4 Rxc4 37. Kxh5 {[%emt 0:00:04] KR-KR} Kf8 38. Kg5 Ke7 39. Re5+ Kd6 40. Kf6 Rc2 41. Rf5 Rc7 42. f3 exf3 43. e4 Rc3 44. e5+ Kd7 45. Kxf7 {[%emt 0:00:00] White wants to mate with e6+.} Re3 46. Kf6 Ke8 47. Ke6 Ra3 48. Kf6 Ra6+ 49. e6 f2 50. Rxf2 {[%emt 0:00:00] White threatens Rh2 and mate.} Ra1 {[%emt 0:00:14] Weighted Error Value: White=0.07 (flawless) /Black=0.11 (very precise) .  Mistake:       	White=3     	Black=3      Inaccurate:     	White=1     	Black=1      OK:         	White=19    	Black=19     Best:        	White=4     	Black=5      Strong:       	White=1     	Black=1} 1/2-1/2

[Event "Karel Janecek Open 2024"]
[Site "Prague"]
[Date "2024.02.29"]
[Round "2.4"]
[White "Bravetti, Antonio"]
[Black "Amar, Elham"]
[Result "0-1"]
[ECO "D36"]
[WhiteElo "2227"]
[BlackElo "2555"]
[Annotator "TA"]
[PlyCount "82"]
[EventDate "2024.02.22"]
[EventType "swiss"]
[EventCountry "CZE"]
[SourceTitle "playchess.com"]
[Source "ChessBase"]
[SourceQuality "1"]
[TimeControl "40/5400+30:1800+30"]

1. d4 Nf6 2. c4 e6 3. Nc3 d5 4. cxd5 exd5 5. Bg5 c6 6. Qc2 h6 7. Bh4 Be7 8. e3 O-O 9. Nf3 Re8 10. Bd3 Ne4 11. Bxe7 Qxe7 12. Bxe4 dxe4 {[%emt 0:00:08] The position is equal.} 13. Nd2 Bf5 14. O-O Nd7 15. f3 Qg5 {[%emt 0:02:41] [#] Hoping for ...exf3.} 16. f4 Qg6 17. Nc4 Qe6 18. b3 Nf6 19. Rad1 Rac8 20. Rfe1 h5 21. Qf2 Nd5 22. Nxd5 cxd5 23. Nb2 {[%emt 0:00:44] White is weak on the light squares} Rc6 {[%emt 0:03:34] Black is more active.} 24. Rc1 Rec8 25. Qd2 {[%emt 0:00:14] [#]} h4 ({Black should try} 25... R8c7 $1 $17 {Threatens to win with ...Qc8.} 26. Na4 h4) 26. Rxc6 {[%emt 0:05:07] This move loses the game for White.} (26. Na4 $1 $15) 26... Qxc6 $19 (26... bxc6 27. h3 $11) (26... Rxc6 27. Rc1 $17) 27. h3 Qc2 $36 {[%emt 0:01:44][%mdl 2048] Inhibits Nd1. Black is on the roll.} 28. Qf2 Bd7 29. Re2 $2 (29. Qe2) 29... Qb1+ 30. Kh2 Bb5 (30... Qxa2 31. Na4 Qa3 (31... Qxb3 32. Nc5 $11) 32. Nc5 $11) 31. Rd2 Rc1 (31... Qxa2 32. Nc4 Qa6 (32... Qxb3 33. Nd6 $11) 33. Ne5 $15) 32. Qxh4 (32. Nd1 $142 Rxd1 33. Rxd1 Qxd1 34. Qxh4) 32... Rh1+ (32... Qxa2 $2 33. Qd8+ Kh7 34. Qxd5 $18) 33. Kg3 Qe1+ (33... Qxa2 34. Qd8+ Kh7 35. Qxd5 $16) 34. Rf2 Qxe3+ 35. Kg4 f6 {[%emt 0:02:08] And now ...Be2+ would win.} ({And not} 35... Qxd4 36. Qd8+ Kh7 37. Qh4+ Kg8 38. Qd8+ Kh7 39. Qh4+ Kg8 $11) 36. Kf5 Qc3 {[%emt 0:03:11] Black mates.} 37. Kg4 e3 38. Rf3 Be2 39. Qh5 Bxf3+ ({Weaker is} 39... Qxb2 40. Qe8+ Kh7 41. Qh5+ Kg8 42. Qe8+ Kh7 43. Qh5+ Kg8 $11) 40. gxf3 Rg1+ 41. Kf5 Qc8# {[%emt 0:00:02] Weighted Error Value: White=0.79/Black=0.35.  Mistake:       	White=3     	Black=1      Inaccurate:     	White=5     	---        OK:         	White=8     	Black=7      Best:        	---       	Black=4} 0-1

[Event "Karel Janecek Open 2024"]
[Site "Prague"]
[Date "2024.02.29"]
[Round "2.5"]
[White "Li, Di"]
[Black "Garcia Martinez, Marcos"]
[Result "1-0"]
[ECO "A14"]
[WhiteElo "2563"]
[BlackElo "2187"]
[Annotator "TA"]
[PlyCount "65"]
[EventDate "2024.02.22"]
[EventType "swiss"]
[EventCountry "CZE"]
[SourceTitle "playchess.com"]
[Source "ChessBase"]
[SourceQuality "1"]
[TimeControl "40/5400+30:1800+30"]

1. Nf3 Nf6 2. c4 e6 3. b3 d5 4. Bb2 Be7 5. g3 Nbd7 6. Bg2 O-O 7. O-O c6 8. d4 a5 9. Nc3 b6 10. Nd2 Bb7 11. e4 dxe4 {[%emt 0:05:55] White is slightly better.} 12. Ndxe4 Qc8 13. Re1 Rd8 14. Nd2 Bd6 15. Qc2 c5 (15... Bf8 $14) 16. d5 $16 exd5 17. cxd5 Ba6 18. Nc4 (18. Nce4 $18 Nxe4 19. Nxe4) 18... Qc7 19. Na3 {[%emt 0:02:46] White is more active.} Rac8 20. Ncb5 Qb8 21. Nxd6 Qxd6 22. Nc4 $36 {[%emt 0:00:04][%mdl 2048] White is in control.} Qb8 (22... Bxc4 $16 23. bxc4 Re8) 23. Bc1 Bb7 (23... Bxc4 $16 {might work better.} 24. bxc4 Qd6) 24. Rd1 Ne8 25. Bg5 f6 (25... h6 $142) 26. Bf4 $18 {[%emt 0:00:05] A strong pair of Bishops.} Qa7 27. a4 Nf8 28. Qe2 Ba6 29. d6 Kh8 $2 (29... Rd7 {is a better chance.} 30. h4 g6) 30. Qe7 {[%emt 0:00:46] White is clearly winning.} Qxe7 31. dxe7 {[%emt 0:00:24][%cal Re7f8] [#]} Rxd1+ 32. Rxd1 Ng6 33. Nxb6 {[%emt 0:00:17] Weighted Error Value: White=0.14 (very precise) /Black=0.45.  Mistake:       	White=1     	Black=5      Inaccurate:     	---       	Black=2      OK:         	White=6     	Black=6      Best:        	White=2     	---} 1-0

[Event "Karel Janecek Open 2024"]
[Site "Prague"]
[Date "2024.02.29"]
[Round "2.6"]
[White "Rohit S"]
[Black "Kourkoulos-Arditis, Stamatis"]
[Result "0-1"]
[ECO "C79"]
[WhiteElo "2174"]
[BlackElo "2547"]
[Annotator "TA"]
[PlyCount "56"]
[EventDate "2024.02.22"]
[EventType "swiss"]
[EventCountry "CZE"]
[SourceTitle "playchess.com"]
[Source "ChessBase"]
[SourceQuality "1"]
[TimeControl "40/5400+30:1800+30"]

1. e4 e5 2. Nf3 Nc6 3. Bb5 a6 4. Ba4 Nf6 5. O-O d6 6. Re1 Bd7 7. c3 g6 8. d4 Bg7 9. h3 O-O 10. Bc2 Nh5 11. a4 {[%emt 0:00:21] White has an edge.} Qe8 12. Na3 f5 13. exf5 gxf5 14. dxe5 dxe5 15. Nc4 (15. Nxe5 $11 {remains equal.} Nxe5 16. Nc4) 15... e4 $1 $17 16. Ng5 Kh8 17. h4 Rd8 18. a5 (18. Nh3 $17) 18... h6 $19 19. Nh3 Be6 20. Qe2 {[%emt 0:00:15] [#]} Qf7 ({Black should try} 20... Qg6 $1 $19 {Threatens to win with ...Rg8.} 21. Nf4 Nxf4 22. Bxf4 Bxc4 23. Qxc4 Be5 24. Bxe4 (24. Bxe5+ $2 Nxe5 25. Qxc7 Nf3+ 26. Kf1 Nxe1 $19) 24... fxe4 (24... Bxf4 25. Bxc6 Qg4 26. g3 $11) 25. Rxe4 Bf6 26. Bxc7 Rd2) 21. Ra4 $17 Rg8 $36 {[%emt 0:08:10][%mdl 2048] ...Qg6 would now be deadly. Keeping White busy. Black is more active.} 22. Bd1 {[%emt 0:06:59] [#]} Rxd1 $1 23. Rxd1 Qg6 ({But not} 23... Bf6 $6 24. Nf4 Nxf4 25. Bxf4 $11) (23... f4 $17 24. Qxe4 Bxh3 25. gxh3 Bd4+ 26. Kh2 (26. Kf1 Ng3+ 27. fxg3 fxg3+ 28. Bf4 g2+ 29. Ke2 Re8 $15) 26... Bxf2) 24. g3 $2 {[%emt 0:18:22][%mdl 8192] [#] Now White is beyond hope.} (24. Nf4 $15 Nxf4 25. Bxf4) 24... Nxg3 $1 $19 {[%emt 0:01:48][%mdl 512] Black is clearly winning.} 25. fxg3 (25. Qe3 Qg4) 25... Qxg3+ 26. Kf1 Qxh3+ {[%emt 0:00:20] White is weak on the light squares} 27. Ke1 Ne5 28. Nxe5 Bxe5 {[%emt 0:00:06] Weighted Error Value: White=1.10/Black=0.68.  Loses game:     	White=1     	---        Mistake:       	White=2     	Black=2      Inaccurate:     	White=2     	---        OK:         	White=5     	Black=5      Best:        	White=1     	---        Strong:       	---       	Black=1      Brilliant:      	---       	Black=2} 0-1

[Event "Karel Janecek Open 2024"]
[Site "Prague"]
[Date "2024.02.29"]
[Round "2.7"]
[White "Heberla, Bartlomiej"]
[Black "Budrewicz, Krzysztof"]
[Result "1-0"]
[ECO "E90"]
[WhiteElo "2546"]
[BlackElo "2184"]
[Annotator "TA"]
[PlyCount "93"]
[EventDate "2024.02.22"]
[EventType "swiss"]
[EventCountry "CZE"]
[SourceTitle "playchess.com"]
[Source "ChessBase"]
[SourceQuality "1"]
[TimeControl "40/5400+30:1800+30"]

1. d4 Nf6 2. c4 g6 3. Nc3 Bg7 4. e4 O-O 5. Nf3 d6 6. Bd3 Bg4 7. Be2 Nfd7 8. Be3 c5 9. d5 {[%emt 0:00:30] White is slightly better.} Na6 10. h3 Bxf3 11. Bxf3 Nc7 12. Be2 Re8 13. O-O e6 14. Qd2 exd5 15. exd5 Qh4 16. Bg4 Rxe3 17. Qxe3 $16 f5 18. g3 Qd8 19. Be2 Bd4 20. Qd2 Qf6 21. Kg2 g5 (21... h5 $142 22. Rae1 a6) 22. f4 $18 gxf4 23. Qxf4 Rf8 24. Bd3 Ne5 25. Qxf5 Qxf5 26. Bxf5 Kg7 27. Be6 Nxc4 28. Rxf8 Ne3+ 29. Kf3 Kxf8 30. Ke4 {[%emt 0:02:48] Strongly threatening Re1.} Ke7 31. Kd3 b5 (31... Bxc3 {keeps fighting.} 32. bxc3 Nexd5) 32. Re1 Nc4 33. Re2 {[%emt 0:05:56][%cal Oc3b5] [#] Hoping for Nxb5!} Ne5+ 34. Ke4 b4 35. Nd1 Nxe6 36. dxe6 Kxe6 $16 {[%emt 0:00:05][%mdl 4096] Endgame. [#] KRN-KBN} 37. Ne3 $1 {[%emt 0:00:39] Inhibits d5+.} Nf7 38. h4 d5+ 39. Kf4 $1 ({Inferior is} 39. Nxd5 Nd6+ 40. Kd3+ Kxd5 $17) 39... Be5+ 40. Kf3 d4 $2 {[%emt 0:09:02][%mdl 8192] This costs Black the game.} (40... Bd4 $1 $11 41. Nc2+ Ne5+ 42. Kg2 Bxb2 43. Nxb4 Ba1) 41. Nc4 $18 {[%emt 0:32:03] Nxe5 would now be deadly.} Kd5 42. b3 h5 $2 (42... h6 {is a better defense.} 43. Re1 d3) 43. Re1 a5 44. Nxa5 {[%emt 0:02:42] Black must now prevent Nc4.} d3 $2 (44... Nh6 45. Nc4 Bg7) 45. Nc4 {[%emt 0:00:35] White is clearly winning.} Bc3 46. Re7 d2 47. Ne3+ {[%emt 0:00:27] Weighted Error Value: White=0.16 (very precise) /Black=0.30.  Loses game:     	---       	Black=1      Mistake:       	---       	Black=5      Inaccurate:     	White=3     	Black=3      OK:         	White=15    	Black=16     Best:        	White=3     	Black=3      Strong:       	White=2     	---} (47. Rxf7 $2 {is the wrong capture.} d1=Q+ (47... d1=B+ $2 {loses.} 48. Kf4 $18) 48. Kg2 Qe2+ 49. Rf2 Qe1 $19 (49... Qe4+ $2 50. Kh2 $19)) 1-0

[Event "Karel Janecek Open 2024"]
[Site "Prague"]
[Date "2024.02.29"]
[Round "2.8"]
[White "Nemitz, Alfred"]
[Black "Bharath Subramaniyam H"]
[Result "0-1"]
[ECO "D00"]
[WhiteElo "2223"]
[BlackElo "2515"]
[Annotator "TA"]
[PlyCount "82"]
[EventDate "2024.02.22"]
[EventType "swiss"]
[EventCountry "CZE"]
[SourceTitle "playchess.com"]
[Source "ChessBase"]
[SourceQuality "1"]
[TimeControl "40/5400+30:1800+30"]

1. d4 Nf6 2. Nc3 d5 3. Bf4 g6 4. e3 Bg7 5. h4 h5 6. Nf3 (6. Nb5 $5 Na6 $8 7. Nc3 $11) 6... O-O 7. Be2 c6 8. Ne5 {[%emt 0:10:13] The position is equal.} Nbd7 9. f3 Nxe5 10. Bxe5 b5 11. Qd2 Bh6 12. Bf4 (12. O-O-O $14 {might be stronger.}) 12... Bg7 13. a4 (13. O-O-O $142) 13... b4 $11 14. Nd1 a5 15. Nf2 Nd7 16. g4 e5 17. dxe5 Nxe5 18. O-O-O {[%emt 0:00:49] And now gxh5 would win.} hxg4 19. fxg4 Qf6 20. Qd4 (20. g5 $1 $11 Qe7 21. h5 gxh5 22. Rxh5) 20... Qe7 21. Bg5 (21. Qd2 $1 $15) 21... Qe6 $36 {[%emt 0:01:21][%mdl 2048] ...Nc4 would now be deadly. Black has strong initiative.} 22. Qf4 {[%emt 0:01:35] [#]} Ba6 (22... b3 $1 $17 {[%cal Rb3c2] White must now prevent ...bxc2.} 23. Bh6 (23. cxb3 Rb8 $17) 23... bxc2 24. Kxc2 Bxh6 25. Qxh6 Qe7) 23. Nd3 (23. Bxa6 $11 {was the only way to keep the balance.} Rxa6 24. Bh6) 23... Bxd3 24. cxd3 c5 (24... f5 $17 25. gxf5 Rxf5) 25. d4 $2 {[%emt 0:01:57][%mdl 8192] [#] White does not recover from this.} (25. Bh6 $1 $11 {and White has nothing to worry.}) 25... cxd4 $1 $19 26. exd4 Nc4 27. Bxc4 dxc4 28. Rhf1 $2 (28. Rhe1 Qc6 29. Qf2) 28... c3 29. d5 cxb2+ 30. Kb1 Qd7 31. Bf6 Qxa4 32. Bxg7 Qa1+ 33. Kc2 b1=Q+ (33... Rac8+ $142 34. Kd2 Qa2) 34. Rxb1 Rac8+ (34... Qxg7 $2 35. Qf6 $19) 35. Kd3 $2 (35. Kd2 Qxg7 36. Rf3) 35... Qa3+ 36. Kd2 Kxg7 37. Qd4+ Kg8 {[%emt 0:00:25] aiming for ...Rc3.} 38. h5 Rc3 {[%emt 0:01:08] ( -> ...Qa2+)} 39. Rfc1 Qa2+ {[%emt 0:00:40] Black mates.} 40. Kd1 Re8 41. Qd2 Qa4+ {[%emt 0:00:33] Weighted Error Value: White=1.06/Black=0.41.  Loses game:     	White=1     	---        Mistake:       	White=7     	Black=2      Inaccurate:     	---       	Black=3      OK:         	White=7     	Black=7      Best:        	White=1     	Black=4      Strong:       	---       	Black=1} 0-1

[Event "Karel Janecek Open 2024"]
[Site "Prague"]
[Date "2024.02.29"]
[Round "2.10"]
[White "Koffeman, Timo"]
[Black "Popovic, Dusan"]
[Result "0-1"]
[ECO "B90"]
[WhiteElo "2186"]
[BlackElo "2504"]
[Annotator "TA"]
[PlyCount "78"]
[EventDate "2024.02.22"]
[EventType "swiss"]
[EventCountry "CZE"]
[SourceTitle "playchess.com"]
[Source "ChessBase"]
[SourceQuality "1"]
[TimeControl "40/5400+30:1800+30"]

1. e4 c5 2. Nf3 d6 3. d4 cxd4 4. Nxd4 Nf6 5. Nc3 a6 6. h3 e5 7. Nb3 Be7 8. g4 h6 9. a4 Be6 {[%emt 0:04:08] The position is equal.} 10. Bg2 Nc6 11. Nd5 Rc8 12. Be3 Bxd5 ({Better is} 12... Nd7 $15) 13. exd5 $11 Na5 14. Nxa5 Qxa5+ 15. Qd2 Qd8 16. Qb4 Qc7 17. O-O Nd7 18. a5 Bg5 19. f4 (19. Bxg5 $11 hxg5 20. Ra3) 19... exf4 $15 20. Rxf4 {[%emt 0:09:28] White is on the road to losing.} (20. Bxf4 $15 Bxf4 21. Qxf4) 20... O-O $19 {[%emt 0:08:23][%cal Of8e8] Threatens to win with ...Rfe8!} 21. Raf1 (21. Re4 $142) 21... Bxf4 22. Qxf4 Ne5 ({But not} 22... Qxa5 23. Qxd6 Rcd8 24. Qf4 $17) 23. Be4 Qe7 24. Bd4 Ng6 25. Qf5 Rce8 26. Bd3 Qh4 27. Kg2 {[%emt 0:03:32] Dodges Qg3+} (27. Kh2 $17) 27... Re1 28. Bf2 Rxf1 29. Bxf1 (29. Kxf1 $142 Qxh3+ 30. Kg1) 29... Qd8 30. b4 Nh4+ 31. Bxh4 Qxh4 {[%emt 0:00:02][%mdl 4096] Endgame. KQR-KQB} 32. Bd3 g6 33. Qd7 Qf6 34. Qxb7 Re8 35. Qxa6 (35. Qb6 $142 Qf4 36. Qg1) 35... Re3 {[%emt 0:00:35] [#] ( -> ...Qf3+)} 36. Qc4 Qf3+ {[%emt 0:00:15] Black mates.} 37. Kg1 Qg3+ 38. Kh1 Re1+ 39. Bf1 Qf2 {[%emt 0:00:08] Weighted Error Value: White=0.64/Black=0.10 (very precise) .  Mistake:       	White=6     	Black=1      Inaccurate:     	White=4     	Black=1      OK:         	White=10    	Black=17     Best:        	White=1     	---} 0-1

[Event "Karel Janecek Open 2024"]
[Site "Prague"]
[Date "2024.02.29"]
[Round "2.11"]
[White "Sadzikowski, Daniel"]
[Black "Assylov, Miras"]
[Result "0-1"]
[ECO "B11"]
[WhiteElo "2497"]
[BlackElo "2288"]
[Annotator "TA"]
[PlyCount "116"]
[EventDate "2024.02.22"]
[EventType "swiss"]
[EventCountry "CZE"]
[SourceTitle "playchess.com"]
[Source "ChessBase"]
[SourceQuality "1"]
[TimeControl "40/5400+30:1800+30"]

1. e4 c6 2. Nf3 d5 3. Nc3 dxe4 4. Nxe4 Nf6 5. Qe2 Nxe4 6. Qxe4 Qd5 {[%emt 0:00:39] Against Bc4. B11: Caro-Kann: Two Knights Variation.} 7. Qh4 Qf5 8. Bc4 Be6 9. O-O Bxc4 10. Qxc4 Nd7 11. a4 e6 12. d4 $146 ({Predecessor:} 12. a5 Rc8 13. d3 Bd6 14. Qd4 Bb8 15. Qxg7 Qf6 16. Qxf6 Nxf6 17. Bd2 Rg8 18. Rfe1 {1-0 Nikitenko,M (2507)-Naumovich,Y (2163) BLR-ch Minsk 2023 (2)}) 12... Bd6 13. Re1 O-O 14. a5 a6 15. Qb3 Qb5 16. Qe3 Bc7 17. Qd2 Rfd8 18. b3 (18. b4 $5) 18... Nf6 19. Qg5 Rd5 20. Qe3 {[%emt 0:01:06] Hoping for c4.} Rh5 (20... Bxa5 $2 {is the wrong capture.} 21. c4 Qb6 22. cxd5 $18) 21. Ne5 c5 $1 {[%emt 0:16:43] ...cxd4 would now be deadly.} 22. Bb2 cxd4 (22... Bxa5 23. c4 Qb4 24. dxc5 $16) 23. Qxd4 Bxa5 (23... Rc8 {is more complex.} 24. Ng4 Ne8 25. Red1 Bxa5 26. Qe4 Bb6) 24. c4 Qb6 25. Qxb6 Bxb6 26. Rad1 Rf5 27. Re2 h5 28. h3 (28. g3 $11 {remains equal.}) 28... Bc7 29. Nd7 Rd8 $36 {[%emt 0:01:37][%mdl 2048] Black has some pressure.} 30. Nxf6+ gxf6 31. Rxd8+ Bxd8 $15 {[%emt 0:00:02][%mdl 4096] Endgame. KRB-KRB} 32. Rd2 Bb6 33. b4 Rf4 $1 34. c5 Bc7 35. g3 (35. b5 $15 Ba5 (35... axb5 36. Rd7 $17) 36. Rd7) 35... Rxb4 $17 36. Bxf6 Rb5 37. Be7 Be5 38. f4 $2 {[%emt 0:01:11] [#]} (38. Rd8+ $17 Kg7 39. Rc8) 38... Rb1+ $1 $19 39. Kf2 {[%emt 0:00:04] [#]} Rb2 $1 40. Ke3 Rxd2 41. Kxd2 {[%emt 0:30:02] KB-KB} Bc7 42. Bf6 Kh7 43. Ke3 Kg6 44. Bc3 f5 45. Kd4 Kf7 46. c6 Bb6+ 47. Ke5 Bc7+ 48. Kd4 Bb6+ (48... bxc6 $142 49. Kc5 e5 50. fxe5 Ke6) 49. Ke5 $1 bxc6 (49... Bc7+ $2 50. Kd4 $19) 50. Kd6 Bf2 51. Kxc6 Bxg3 52. Be5 Be1 53. Kb6 a5 54. Kb5 Bd2 55. Ka4 Ke7 56. Kb5 Kd7 {[%emt 0:00:07] ...Bb4 is the strong threat.} 57. Bb8 Bb4 {[%emt 0:01:08] And now ...Bd6 would win.} 58. Ba7 Kd6 0-1

[Event "Karel Janecek Open 2024"]
[Site "Prague"]
[Date "2024.02.29"]
[Round "2.12"]
[White "Sevcik, Matej"]
[Black "Kraus, Tomas"]
[Result "1/2-1/2"]
[ECO "B07"]
[WhiteElo "2201"]
[BlackElo "2484"]
[Annotator "TA"]
[PlyCount "84"]
[EventDate "2024.02.22"]
[EventType "swiss"]
[EventCountry "CZE"]
[SourceTitle "playchess.com"]
[Source "ChessBase"]
[SourceQuality "1"]
[TimeControl "40/5400+30:1800+30"]

1. d4 d6 2. e4 Nf6 3. Nc3 e5 4. dxe5 dxe5 5. Qxd8+ Kxd8 6. Bc4 Bb4 7. f3 Ke7 8. Nge2 a5 9. Be3 Nbd7 10. O-O-O c6 11. Ng3 g6 12. a4 Ne8 13. Nb1 (13. Nge2 {looks sharper.} Nd6 14. Ba2 f6 15. h3) 13... Nd6 14. Bd3 (14. Ba2 {seems wilder.} h5 15. Nf1 b6 16. Bf2) 14... Bc5 15. Bd2 Bb6 16. Be2 Nc5 17. b3 Ne6 18. Na3 Nd4 19. Bf1 Be6 20. Ne2 (20. f4 $11 f6 21. fxe5 fxe5 22. Bg5+ Kf7 23. Nc4 Nxc4 24. Bxc4 Bxc4 25. bxc4) 20... Bc5 $17 21. Kb2 Bxa3+ (21... b5 $17 22. Nxd4 Bxd4+ 23. c3 Bc5 24. axb5 cxb5 (24... Bxa3+ $2 25. Kxa3 Nxb5+ 26. Ka4 $19)) 22. Kxa3 $15 Nxc2+ 23. Kb2 Nb4 {[%emt 0:03:01] [#] ...Nd3+ would now be deadly. A dynamic duo of knights.} 24. Be3 Rhd8 {[%emt 0:02:34][%cal Od6c4] ...Nc4+! is the strong threat.} 25. Nc3 Na6 (25... b5 {is interesting.} 26. Be2 bxa4 27. Nxa4 Nb5) 26. Bxa6 Rxa6 27. Rd2 b6 28. Rhd1 f6 29. f4 exf4 30. Bxf4 Nf7 31. Rxd8 Nxd8 32. e5 Nf7 33. exf6+ Kxf6 34. g3 Ra7 35. Ne4+ Ke7 (35... Kf5 $15 36. Nc3 g5) 36. Ng5 {[%emt 0:00:32] The position is equal.} Nxg5 37. Bxg5+ $11 {[%emt 0:00:03][%mdl 4096] Endgame. KRB-KRB} Kf7 38. Rd8 Rb7 39. Bf4 Ke7 40. Bg5+ Kf7 41. Bf4 Ke7 42. Bg5+ Kf7 {[%emt 0:00:04] Weighted Error Value: White=0.11 (very precise) /Black=0.10 (very precise) .  Mistake:       	White=1     	Black=2      Inaccurate:     	White=3     	Black=3      OK:         	White=12    	Black=13     Best:        	White=3     	Black=1} 1/2-1/2